 Dungeon Crawl Stone Soup version 0.31-a0-845-g9abc20d (webtiles) character file.

Game seed: 15669081031996266061

201 BarneyGumball the Digger (level 5, 0/31 HPs)
             Began as an Octopode Earth Elementalist on Oct 2, 2023.
             Slain by an ice beast (5 damage)
             ... on level 4 of the Dungeon.
             The game lasted 00:06:21 (3057 turns).

BarneyGumball the Digger (OpEE)                     Turns: 3057, Time: 00:06:22

Health: 0/31       AC:  1    Str:  8    XL:     5   Next: 79%
Magic:  1/8        EV: 13    Int: 19    God:
Gold:   124        SH:  5    Dex: 12    Spells: 2/8 levels left

rFire   . . .        h - +2 dagger (venom)
rCold   . . .        (no shield)
rNeg    . . .        (helmet restricted)
rPois   .            e - amulet of reflection
rElec   .            (no ring)
rCorr   .            (no ring)
SInv    .            (no ring)
Will    .....        (no ring)
Stlth   +++          (no ring)
HPRegen 0.25/turn    (no ring)
MPRegen 0.11/turn    (no ring)
                     (no ring)

%: reflection
@: very slightly contaminated
A: almost no armour, amphibious, 8 rings, camouflage 1, gelatinous body 1,
(nimble swimmer 1), tentacles
a: no special abilities


You were on level 4 of the Dungeon.
You visited 1 branch of the dungeon, and saw 4 of its levels.

You collected 124 gold pieces.

Inventory:

Hand Weapons
 h - a +2 dagger of venom (weapon)
Missiles
 c - 27 stones (quivered)
Jewellery
 e - an amulet of reflection (around mantle)
Wands
 l - a wand of polymorph (5)
Scrolls
 b - 2 scrolls of identify {unknown}
 d - 5 scrolls of amnesia {unknown}
 i - a scroll of enchant armour {unknown}
 j - 4 scrolls of poison {unknown}
 n - 2 scrolls of blinking {unknown}
Potions
 a - a potion of magic
 f - 3 potions of curing {unknown}
 g - a potion of ambrosia {unknown}
 k - a potion of haste {unknown}
 m - a potion of enlightenment {unknown}
 o - a potion of degeneration {unknown}


   Skills:
 - Level 2.0 Dodging
 - Level 4.0 Stealth
 - Level 2.0 Spellcasting
 + Level 3.3 Conjurations
 - Level 1.0 Transmutations
 + Level 4.7 Earth Magic


You had 2 spell levels left.
You knew the following spells:

 Your Spells              Type           Power      Damage    Failure   Level
a - Sandblast             Erth           38%        2d10      2%          1
b - Passwall              Tmut/Erth      10%        N/A       8%          2
c - Stone Arrow           Conj/Erth      34%        3d9       10%         3

Your spell library contained the following spells:

 Spells                   Type           Power      Damage    Failure   Level
 Brom's Barrelling Bould  Conj/Erth      17%        2d4       32%         4
 Petrify                  Tmut/Erth      12%        N/A       45%         4


Dungeon Overview and Level Annotations

Branches:
Dungeon (4/15)
 Temple: D:4-7

Altars:


Innate Abilities, Weirdness & Mutations

You cannot wear most types of armour.
You are amphibious.
You can wear up to eight rings at the same time.
Your skin changes colour to match your surroundings (Stealth+).
Your rubbery body absorbs attacks. (AC +1, EV +1)
((You are camouflaged when in or above water. (Stealth+)))
You have tentacles for arms and can constrict up to eight enemies at once.


Message History

Okay, then.
Casting: Sandblast (safe; 2% risk of failure)
Confirm with . or Enter, or press ? or * to list all spells.
Aiming: Stone Arrow (quite dangerous; 10% risk of failure)
Press: ? - help, Shift-Dir - straight line, f - ice beast
Aim: an ice beast (lightly wounded, 68% to hit)
You miscast Stone Arrow.
You are very lightly contaminated with residual magic.
Nothing appears to happen.
The ice beast barely misses you.
Casting: Stone Arrow (quite dangerous; 10% risk of failure)
Confirm with . or Enter, or press ? or * to list all spells.
Aiming: Stone Arrow (quite dangerous; 10% risk of failure)
Press: ? - help, Shift-Dir - straight line, f/p - ice beast
Aim: an ice beast (lightly wounded, 68% to hit)
The stone arrow misses the ice beast.
The ice beast misses you.
You hit the ice beast but do no damage.
The ice beast is lightly wounded.
You block the ice beast's attack.
You hit the ice beast but do no damage. You squeeze the ice beast!
The ice beast is moderately wounded.
The ice beast hits you but does no damage.
You hit the ice beast. Your squeeze misses the ice beast.
The ice beast is heavily wounded.
The ice beast hits you. The ice beast freezes you!
* * * LOW HITPOINT WARNING * * *
Press: ? - help, v - describe, . - travel
Here: an ice beast (heavily wounded)
The floor.
Unknown command.
Casting: Stone Arrow (quite dangerous; 10% risk of failure)
Confirm with . or Enter, or press ? or * to list all spells.
Aiming: Sandblast (safe; 2% risk of failure)
Press: ? - help, Shift-Dir - straight line, f/p - ice beast
Aim: an ice beast (heavily wounded, 82% to hit)
The blast of sand hits the ice beast but does no damage.
The ice beast is heavily wounded.
The ice beast barely misses you. The ice beast hits you.
* * * LOW HITPOINT WARNING * * *
The ice beast freezes you.
You die...

#.###.#.# #.^...#.#
#.#.....#.#
#....<....#
#####.#.#.#
#...#.############
#####+#.#.............
#......Y######........
#.......@..# #........
#.......##.###........
#.......##............
#...?....#####.#######
#........# #...
####.....# #####
#.....# #.....#
#.....#


You could see an ice beast.

Vanquished Creatures
  2 hounds (D:4)
  4 gnolls (D:2)
  6 adders
  An ufetubus (D:4)
  An orc (D:3)
  4 endoplasms
  A giant cockroach (D:2)
  3 goblins
  5 hobgoblins
  4 kobolds
  3 quokkas (D:1)
  4 ball pythons
  3 bats
  A frilled lizard (D:1)
  6 rats
48 creatures vanquished.

Notes
Turn   | Place    | Note
-------+----------+-------------------------------------------
     0 | D:1      | BarneyGumball the Octopode Earth Elementalist began the
                  | quest for the Orb.
     0 | D:1      | Reached XP level 1. HP: 11/11 MP: 3/3
   855 | D:1      | Reached skill level 1 in Conjurations
   855 | D:1      | Reached XP level 2. HP: 17/17 MP: 3/5
  1302 | D:2      | Reached XP level 3. HP: 19/21 MP: 3/6
  1582 | D:2      | Learned a level 3 spell: Stone Arrow
  1585 | D:2      | Learned a level 2 spell: Passwall
  1728 | D:2      | Reached XP level 4. HP: 15/27 MP: 4/7
  2400 | D:3      | Reached XP level 5. HP: 31/31 MP: 4/8
  3012 | D:4      | Noticed an ice beast
  3057 | D:4      | Slain by an ice beast

Illustrated notes

Levels and vault maps discovered:
D:1:      dpeg_arrival_boxes_within_box, layout_loops_ring, serial_bayou_ford_a,
          amcnicky_mini_pool_small, chequers_arboretum
D:2:      layout_basic, minmay_split_cup_large
D:3:      layout_loops_corners, kennysheep_boxes
D:4:      layout_basic

Skill      XL: |  1  2  3  4  5 |
---------------+----------------+-----
Conjurations   | 1 2 3 |  3.3
Earth Magic    | 4 |  4.7
Stealth        | 3 4 |  4.0
Dodging        | |  2.0
Spellcasting   | |  2.0
Transmutations | |  1.0

Action                     |  1- 3 |  4- 6 || total
---------------------------+-------+-------++-------
  Melee: Dagger            |     6 |    16 ||    22
         Tentacles         |     1 |     4 ||     5
         Constrict         |     1 |     1 ||     2
         Short sword       |     1 |       ||     1
         Punch             |     1 |       ||     1
  Throw: Stone             |     4 |       ||     4
   Cast: Sandblast         |    34 |    35 ||    69
         Stone Arrow       |       |     1 ||     1
 Armour: Skin              |     4 |     7 ||    11
  Dodge: Dodged            |    16 |    23 ||    39
  Block: Other             |     2 |     6 ||     8

Table legend: (Time is in decaauts)
 A = Elapsed time spent in this place.
 B = Non-inter-level travel time spent in this place.
 C = Inter-level travel time spent in this place.
 D = Time resting spent in this place.
 E = Time spent auto-exploring this place.
 F = Levels seen in this place.
 G = Mean time per level.
                   A        B        C        D        E       F      G
               +--------+--------+--------+--------+--------+-----+--------+
         Total |   3088 |   2855 |    233 |    138 |   2272 |   4 |  772.0 |
       Dungeon |   3088 |   2855 |    233 |    138 |   2272 |   4 |  772.0 |
               +--------+--------+--------+--------+--------+-----+--------+

Top non-repeatable levels by time:
     D:1: 1302 daAuts
     D:3: 885 daAuts
     D:2: 781 daAuts
     D:4: 118 daAuts
